 Dungeon Crawl Stone Soup version 0.27.0-1-g7a089689b8 (webtiles) character file.

Game seed: 13190734608402874959

984 Ozzies the Fighter (level 7, -4/70 HPs)
             Began as a Minotaur Fighter on Aug 8, 2021.
             Was a Follower of the Shining One.
             Slain by a worm (5 damage)
             ... on level 6 of the Dungeon.
             The game lasted 00:05:14 (4736 turns).

Ozzies the Fighter (Minotaur Fighter)               Turns: 4736, Time: 00:05:15

Health: -4/70      AC: 21    Str: 22    XL:     7   Next: 97%
Magic:  0/7        EV:  8    Int:  5    God:    the Shining One [*.....]
Gold:   312        SH: 10    Dex: 10    Spells: 6/6 levels left

rFire    . . .     SeeInvis .   a - +1 trident (protect)
rCold    . . .     Faith    .   c - +0 kite shield
rNeg     . . .     Spirit   +   b - +0 scale mail
rPois    .         Reflect  .   (helmet restricted)
rElec    .         Harm     .   q - +2 cloak
rCorr    .         Rampage  .   (no gloves)
Will     +....                  (no boots)
Stlth    ..........             p - amulet of guardian spirit
HPRegen  0.21/turn              D - ring of willpower
MPRegen  0.10/turn              w - +4 ring of protection

@: under a protective aura, mesmerised, glowing
A: horns 2, retaliatory headbutt
a: Renounce Religion


You were on level 6 of the Dungeon.
You worshipped the Shining One.
The Shining One was aware of your devotion.
You visited 2 branches of the dungeon, and saw 7 of its levels.

You collected 312 gold pieces.

Inventory:

Hand Weapons
 a - a +1 trident of protection (weapon)
Missiles
 m - 26 poisoned darts (quivered)
 y - a throwing net {!f}
Armour
 b - a +0 scale mail (worn)
 c - a +0 kite shield (worn)
 q - a +2 cloak (worn)
Jewellery
 p - an amulet of guardian spirit (around neck)
 r - a ring of protection from fire
 w - a +4 ring of protection (right hand)
 x - a ring of ice
 A - a ring of fire
 D - a ring of willpower (left hand)
 F - a ring of protection from cold
Wands
 n - a wand of acid (10)
 s - a wand of polymorph (10)
Scrolls
 f - a scroll of identify {@r1}
 h - a scroll of brand weapon
 i - a scroll of teleportation {@r3 !r}
 z - a scroll of enchant weapon
Potions
 d - a potion of might {@q3 !q}
 g - a potion of flight {unknown}
 j - 2 potions of brilliance
 k - a potion of mutation {unknown}
 l - 2 potions of magic {unknown}
 t - a potion of resistance {unknown}
 u - a potion of haste {unknown}
 B - a potion of lignification {unknown}
 C - a potion of heal wounds


   Skills:
 * Level 9.5 Fighting
 * Level 4.5 Polearms
 + Level 4.6 Armour
 + Level 1.8 Dodging
 + Level 4.6 Shields
 + Level 1.5 Invocations


You had 6 spell levels left.
You didn't know any spells.
Your spell library contained the following spells:

 Spells                   Type           Power      Damage    Failure   Level
 Gell's Gravitas          Tloc           0%         N/A       100%        3
 Lesser Beckoning         Tloc           0%         N/A       100%        3
 Teleport Other           Tloc           0%         N/A       100%        3


Dungeon Overview and Level Annotations

Branches:
Dungeon (6/15)             Temple (1/1) D:4

Altars:
Ashenzari
Dithmenos
Elyvilon
Fedhas
Gozag
Hepliaklqana
Kikubaaqudgha
Makhleb
Ru
Sif Muna
Uskayaw
Xom
Yredelemnul
Zin
The Shining One

Annotations:
D:5 3 runed translucent doors, Brandom's ghost, novice DgSu
D:6 Maggie


Innate Abilities, Weirdness & Mutations

You have a pair of horns on your head.
You reflexively headbutt those who attack you in melee.


Message History

You are too injured to fight recklessly!
You are too injured to fight recklessly!
You are too injured to fight recklessly!
You are too injured to fight recklessly!
You are too injured to fight recklessly!
You are too injured to fight recklessly!
You are too injured to fight recklessly!
You are too injured to fight recklessly!
You are too injured to fight recklessly!
You are too injured to fight recklessly!
You are too injured to fight recklessly!
You are too injured to fight recklessly!
You are too injured to fight recklessly!
You are too injured to fight recklessly!
You are too injured to fight recklessly!
You are too injured to fight recklessly!
You hit the shadow imp.
You kill the shadow imp!
The Shining One accepts your kill.
You break out of your daze.
The bat barely misses your sky beast. x2; You block Maggie's attack.
Maggie hits your sky beast with a +0 war axe.
The gnoll hits you from afar with a +0 spear.
The bullfrog hits your orc but does no damage.
Something hits your orc.
Your orc dies!
Your orc's corpse dissolves into shadows!
The bat hits your sky beast but does no damage.
Your sky beast hits Maggie.
Your sky beast shocks Maggie.
A worm comes into view.
Maggie gestures at you while chanting. The bolt of fire hits you!
* * * LOW HITPOINT WARNING * * *
You block the gnoll's attack.
Something shouts, "Slither hence, thou spongy miscreant varlet!"
The bat closely misses your sky beast. x2
The bat hits your sky beast but does no damage.
Your sky beast barely misses Maggie.
You hit Maggie.
Maggie is lightly wounded.
The bat barely misses your sky beast.
The bullfrog barely misses your sky beast.
A white imp comes into view.
You and your allies can now gain power from killing the unholy and evil.
Your sky beast hits the gnoll but does no damage.
You block the gnoll's attack. Maggie hits you but does no damage.
The bullfrog hits your sky beast!
Your sky beast dies!
Your sky beast's corpse dissolves into shadows!
The bullfrog gives a loud, deep croak!
You hit Maggie. Your headbutt misses Maggie.
Maggie is moderately wounded.
You block the bat's attack.
The gnoll hits you from afar with a +0 spear.
* * * LOW HITPOINT WARNING * * *
Maggie mumbles some strange words.
Maggie attempts to bespell you!
You are mesmerised by Maggie!
You hit Maggie.
Maggie is moderately wounded.
The bat hits you.
The gnoll hits you from afar with a +0 spear.
* * * LOW HITPOINT WARNING * * *
You block Maggie's attack.
You hit Maggie. You headbutt Maggie!
Maggie is heavily wounded.
You block the bat's attack. The bullfrog barely misses you.
The gnoll barely misses you.
Maggie points at you and mumbles some strange words.
The bolt of fire hits you!
* * * LOW HITPOINT WARNING * * *
The bullfrog hits you.
* * * LOW HITPOINT WARNING * * *
The gnoll hits you but does no damage. You block Maggie's attack.
You hit Maggie but do no damage. You headbutt Maggie, but do no damage.
Maggie is heavily wounded.
The bat hits you but does no damage.
The bullfrog hits you but does no damage.
You block the gnoll's attack.
The bullfrog hits you but does no damage.
Maggie barely misses you. You furiously retaliate!
You headbutt Maggie. You hit Maggie but do no damage.
Maggie is heavily wounded.
You hear the slow rusting of a drain nearby.
The bat closely misses you.
The bullfrog hits you but does no damage.
The gnoll barely misses you. Maggie barely misses you.
You block the bullfrog's attack.
Unknown command.
You hit Maggie. Your headbutt misses Maggie.
Maggie is heavily wounded.
The bat closely misses you. You furiously retaliate!
You headbutt the bat!
You kill the bat!
The bullfrog barely misses you. The gnoll closely misses you.
Maggie drinks a potion.
Maggie is healed!
The white imp hits you but does no damage.
The bullfrog hits you.
* * * LOW HITPOINT WARNING * * *
The worm bites you.
You die...

# #.# ...#
..#########....#
.......)w.)....#
.......@@g)....#
..)...†5F.)....#
#####....##....#
####+# ..## .#
.# #


You could see Maggie (mesmerising), a bullfrog, a worm, a gnoll and a white imp.

Vanquished Creatures
  A black bear (D:4)
  2 ogres
  A necrophage (D:4)
  A phantom (D:3)
  A scorpion (D:5)
  A gnoll sergeant (D:6)
  A water moccasin skeleton (D:4)
  A bullfrog zombie (D:5)
  A hound (D:5)
  2 iguanas (D:5)
  Natasha (D:2)
  7 gnolls
  6 adders
  A shadow imp (D:6)
  An ufetubus (D:4)
  An adder skeleton (D:3)
  3 worms
  A dart slug (D:1)
  5 orcs (D:2)
  4 bats
  11 endoplasms
  A giant cockroach (D:4)
  6 goblins
  9 hobgoblins
  12 jackals
  8 kobolds
  A quokka (D:2)
  7 ball pythons
  4 frilled lizards
  7 rats
108 creatures vanquished.

Vanquished Creatures (collateral kills)
  A gnoll (D:6)
1 creature vanquished.

Vanquished Creatures (others)
  3 plants (D:2)
3 creatures vanquished.

Grand Total: 112 creatures vanquished

Notes
Turn   | Place    | Note
-------+----------+-------------------------------------------
     0 | D:1      | Ozzies the Minotaur Fighter began the quest for the Orb.
     0 | D:1      | Reached XP level 1. HP: 19/19 MP: 0/0
   139 | D:1      | Reached XP level 2. HP: 27/27 MP: 1/1
   259 | D:1      | Reached skill level 4 in Fighting
   889 | D:1      | Reached XP level 3. HP: 33/33 MP: 2/2
  1029 | D:2      | Found a shadowy altar of Dithmenos.
  1095 | D:2      | Reached skill level 5 in Fighting
  1214 | D:2      | Reached XP level 4. HP: 42/42 MP: 3/3
  1563 | D:2      | Noticed Natasha
  1573 | D:2      | Killed Natasha
  1696 | D:3      | Reached skill level 6 in Fighting
  1828 | D:3      | Noticed a phantom
  1832 | D:3      | Killed a phantom
  1833 | D:3      | Reached skill level 7 in Fighting
  1833 | D:3      | Reached XP level 5. HP: 52/52 MP: 4/4
  2023 | D:3      | Found a broken altar of Ashenzari.
  2545 | D:4      | Found a staircase to the Ecumenical Temple.
  2555 | Temple   | Entered the Ecumenical Temple
  2754 | Temple   | Became a worshipper of the Shining One
  2929 | D:4      | Noticed a necrophage
  2940 | D:4      | Killed a necrophage
  2941 | D:4      | Reached XP level 6. HP: 59/61 MP: 3/5
  3087 | D:4      | Reached skill level 8 in Fighting
  3529 | D:4      | Reached skill level 9 in Fighting
  3529 | D:4      | Reached XP level 7. HP: 55/70 MP: 4/6
  4077 | D:5      | Entered Level 5 of the Dungeon
  4096 | D:5      | Found a runed translucent gate.
  4097 | D:5      | Found a runed translucent gate.
  4097 | D:5      | Found a runed translucent gate.
  4099 | D:5      | Noticed Brandom's ghost (novice DgSu)
  4123 | D:5      | Reached skill level 1 in Dodging
  4207 | D:5      | Reached skill level 1 in Invocations
  4697 | D:6      | Identified a scroll of acquirement
  4697 | D:6      | Acquired a +6 ring of strength
  4714 | D:6      | Noticed Maggie
  4730 | D:6      | Reached * piety under the Shining One
  4733 | D:6      | HP: 3/70 [bullfrog (2)]
  4736 | D:6      | HP: 1/70 [bullfrog (3)]
  4736 | D:6      | Slain by a worm

Illustrated notes

Levels and vault maps discovered:
D:1:      dpeg_arrival_simpleton_c, layout_basic, interstate_on_off
D:2:      layout_rooms, basic_altar, serial_bayou_ford_a,
          minmay_misc_feat_enclosed, minmay_misc_feat_tiny, uniq_natasha
D:3:      layout_basic, nicolae_overflow_hidden_temple, minmay_pentomino_pile
D:4:      layout_gridville, minmay_temple_entry_overgrown
D:5:      layout_rooms, gammafunk_ghost_split
D:6:      layout_gridville, mainiacjoe_overflow_catwalk_spiral,
          cheibrodos_sewer_entry_sluice, gammafunk_ghost_abyssal_escape,
          corexii_shack, uniq_maggie
Temple:   eino_narrow_crystal_temple

Skill      XL: |  1  2  3  4  5  6  7 |
---------------+----------------------+-----
Fighting       | 4 5 7 9 |  9.5
Armour         | 4 |  4.6
Shields        | 4 |  4.6
Polearms       | 3 4 |  4.5
Dodging        | 1 |  1.8
Invocations    | 1 |  1.5

Action                   |  1- 3 |  4- 6 |  7- 9 || total
-------------------------+-------+-------+-------++-------
Melee: Trident           |    93 |   134 |    88 ||   315
       Headbutt          |    10 |    16 |     9 ||    35
  Use: Scroll            |       |     1 |     8 ||     9
Armor: Scale mail        |    36 |    92 |    50 ||   178
Dodge: Dodged            |    23 |    42 |    45 ||   110
Block: Kite shield       |    28 |    69 |    63 ||   160
